AoeStats
← Green Assassin

Black Forest

504730735Analyzed
4v4 RM · 25d ago on Sep 6, 2026· 49m 35s· 8 players
Game mode
Random Map
Map size
Large (8 player)
Population
200
Speed
Normal
Resources
Standard
Victory
Conquest
Starting age
Dark Age
Ending age
Imperial Age
RankedLock teamsTeams togetherTeam positionsShared explorationLock speedFull tech treeHidden civsTurbo modeCheats
Victory
Defeat
🇨🇳 Mongols · China
1152
+15
🇰🇿 Saracens · Kazakhstan
1124
+16
🇰🇿 Italians · Kazakhstan
1117
+17
🇨🇳 Hindustanis · China
1090
+17
🇧🇪 Burgundians · Belgium
1153
-17
🇩🇪 Japanese · Germany
1141
-17
🇷🇺 Celts · Russia
1130
-16
🇫🇮 Malians · Finland
1106
-15
Green Assassin
0:27 Loom
11:47 Feudal Age
12:44 Horse Collar
12:50 Double-Bit Axe
18:59 Castle Age
19:09 Wheelbarrow
23:55 Bow Saw
23:49 Heavy Plow
30:54 Imperial Age
28:30 Scale Mail Armor
29:33 Chain Mail Armor
29:37 Gold Mining
30:02 Forging
29:59 Squires
29:56 Pikeman
31:18 Ballistics
30:51 Fletching
31:41 Iron Casting
31:16 Arson
32:19 Kataparuto
32:20 Conscription
32:39 Hand Cart
32:19 Stone Mining
33:21 Plate Mail Armor
35:32 Blast Furnace
33:53 Halberdier
35:05 Siege Engineers
34:42 Elite Skirmisher
35:24 Bodkin Arrow
35:30 Padded Archer Armor
35:54 Elite Samurai
37:10 Hoardings
37:46 Chemistry
37:46 Yasama
39:52 Fortified Wall
39:28 Arrowslits
39:40 Murder Holes
39:56 Masonry
40:57 Leather Archer Armor
40:42 Bracer
40:52 Thumb Ring
40:07 Crossbowman
42:14 Two-Man Saw
41:14 Arbalester
44:30 Treadmill Crane
44:45 Guard Tower
46:30 Ring Archer Armor
46:40 Gambesons
46:15 Man-at-Arms
48:31 Keep
FlowCycling
6:07 Double-Bit Axe
10:52 Feudal Age
12:01 Bow Saw
13:21 Horse Collar
16:04 Castle Age
15:43 Heavy Plow
16:44 Loom
17:35 Wheelbarrow
18:03 Two-Man Saw
17:10 Gold Mining
20:03 Cavalier
22:37 Pikeman
23:18 Squires
25:27 Forging
25:23 Scale Barding Armor
25:10 Fletching
25:21 Padded Archer Armor
29:25 Hand Cart
32:29 Crop Rotation
32:30 Husbandry
35:25 Imperial Age
35:15 Burgundian Vineyards
36:27 Iron Casting
36:53 Caravan
37:06 Stone Mining
38:22 Chain Barding Armor
39:10 Paladin
40:39 Gold Shaft Mining
41:46 Conscription
42:23 Town Watch
43:52 Hoardings
45:17 Chemistry
44:38 Ballistics
44:01 Treadmill Crane
44:33 Masonry
44:18 Murder Holes
47:23 Plate Barding Armor
47:49 Blast Furnace
46:46 Bodkin Arrow
47:06 Leather Archer Armor
usmizeed
1:20 Loom
21:08 Feudal Age
24:49 Castle Age
26:32 Double-Bit Axe
31:31 Horse Collar
36:31 Bow Saw
37:08 Squires
39:56 Heavy Plow
39:48 Gold Mining
40:18 Scale Mail Armor
41:02 Forging
43:07 Chain Mail Armor
43:27 Iron Casting
43:29 Stone Mining
46:23 Arson
52:06 Imperial Age
50:12 Wheelbarrow
sybertuk
2:17 Loom
2:27 Loom
13:37 Feudal Age
18:16 Castle Age
16:29 Double-Bit Axe
16:25 Horse Collar
19:39 Bow Saw
19:30 Heavy Plow
24:17 Scale Mail Armor
25:38 Pikeman
27:05 Scale Mail Armor
30:33 Chain Mail Armor
33:39 Imperial Age
31:39 Forging
31:54 Gambesons
31:56 Arson
33:16 Iron Casting
35:05 Plate Mail Armor
33:56 Halberdier
35:02 Fletching
36:49 Blast Furnace
36:34 Bodkin Arrow
37:30 Ballistics
38:13 Chemistry
37:47 Conscription
37:52 Gold Mining
37:52 Stone Mining
38:02 Stronghold
37:49 Capped Ram
45:02 Heavy Scorpion
46:15 Furor Celtica
46:26 Fortified Wall
46:53 Siege Ram
48:15 Siege Engineers
48:24 Masonry
47:58 Elite Woad Raider
中国NO.1
10:33 Feudal Age
11:18 Loom
17:47 Castle Age
36:52 Fletching
37:02 Padded Archer Armor
40:24 Husbandry
41:54 Gold Mining
41:57 Stone Mining
43:09 Bloodlines
43:33 Elite Skirmisher
46:58 Double-Bit Axe
人在阵地在
14:28 Feudal Age
20:12 Castle Age
18:01 Horse Collar
18:11 Double-Bit Axe
18:36 Scale Barding Armor
18:42 Forging
19:54 Wheelbarrow
19:17 Gold Mining
19:18 Stone Mining
19:41 Bloodlines
25:43 Husbandry
26:54 Chain Barding Armor
28:04 Iron Casting
36:13 Imperial Age
36:57 Heavy Camel Rider
38:20 Fletching
38:31 Padded Archer Armor
40:56 Elite Skirmisher
42:29 Bodkin Arrow
43:17 Bracer
44:16 Leather Archer Armor
BatuKhan
1:53 Loom
11:47 Feudal Age
12:29 Horse Collar
12:35 Double-Bit Axe
17:24 Castle Age
15:49 Stone Mining
18:59 Bow Saw
28:15 Wheelbarrow
28:05 Silk Road
29:11 Hand Cart
32:43 Imperial Age
30:08 Fletching
30:18 Padded Archer Armor
30:39 Caravan
31:12 Bodkin Arrow
32:26 Ballistics
32:02 Gold Mining
32:30 Leather Archer Armor
32:29 Squires
34:28 Chemistry
33:36 Thumb Ring
33:58 Conscription
35:34 Pirotechnia
35:36 Bracer
36:06 Ring Archer Armor
Samuraika01
12:07 Feudal Age
11:06 Loom
12:45 Double-Bit Axe
15:28 Horse Collar
19:36 Castle Age
19:55 Forging
21:10 Heavy Plow
21:26 Bow Saw
21:57 Wheelbarrow
25:36 Gold Mining
25:41 Stone Mining
28:01 Iron Casting
27:50 Hand Cart
29:41 Bloodlines
31:49 Gold Shaft Mining
32:30 Husbandry
34:10 Iron Casting
33:41 Scale Barding Armor
36:24 Chain Barding Armor
36:39 Bimaristan
37:11 Ballistics
37:03 Masonry
47:29 Imperial Age
49:14 Blast Furnace
48:49 Plate Barding Armor
47:38 Heavy Camel Rider
48:40 Conscription
48:22 Elite Mameluke
Connection lost

Rejoining the realm…

Still unreachable

The connection could not be restored.

Session expired

The server has moved on; the page needs a fresh start.